 Dungeon Sprint DCSS version 0.21-a0-401-g0b6bec4 (webtiles) character file.

26 theanonym the Covered (level 3, -2/24 HPs)
             Began as a Gargoyle Fighter on Oct 21, 2017.
             Slain by an ogre
             ... wielding a +0 giant spiked club
              (22 damage)
             ... in the Dungeon (Sprint I: "Red Sonja").
             The game lasted 00:00:33 (20 turns).

theanonym the Covered (Gargoyle Fighter)              Turns: 20, Time: 00:00:33

Health: -2/24      AC: 10    Str: 20    XL:     3   Next: 8%
Magic:  3/3        EV:  7    Int:  8    God:
Gold:   0          SH:  9    Dex:  9    Spells: 2/2 levels left

rFire    . . .     SeeInvis .   a - +0 flail
rCold    . . .     Gourm    .   c - +0 shield
rNeg     + . .     Faith    .   b - +0 scale mail
rPois    ∞         Spirit   .   (no helmet)
rElec    +         Reflect  .   (no cloak)
rCorr    .         Harm     .   (no gloves)
MR       .....     NoTele   +   (no boots)
Stlth    ..........             (no amulet)
HPRegen  0.08/turn              (no ring)
MPRegen  0.08/turn              (no ring)

@: no status effects
A: negative energy resistance 1, electricity resistance, unbreathing,
petrification resistance, rot immunity, AC +3
a: no special abilities


You were in the Dungeon.
You were not hungry.

You visited 1 branch

Inventory:

Hand Weapons
 a - a +0 flail (weapon)
Armour
 b - a +0 scale mail (worn)
 c - a +0 shield (worn)
Scrolls
 k - a scroll of blinking
Potions
 d - a potion of might
 e - a potion of curing
 g - a potion of heal wounds
 h - a potion of haste
 i - 2 potions of magic
 j - a potion of berserk rage
Comestibles
 f - a bread ration
 l - a chunk of flesh


   Skills:
 + Level 4.3 Fighting
 * Level 4.1 Maces & Flails
 + Level 4.3 Armour
 + Level 4.3 Shields


You had 2 spell levels left.
You didn't know any spells.

Dungeon Overview and Level Annotations

Branches:
Dungeon (1/1)

Altars:


Innate Abilities, Weirdness & Mutations

You are resistant to torment.
Your stone body is resilient. (AC +3)
You are immune to poison.
You resist negative energy. (rN+)
You are resistant to electric shocks. (rElec)
You can survive without breathing.
You are immune to petrification.
You are immune to rotting.


Message History

Welcome, theanonym the Gargoyle Fighter.
Found a staircase leading out of the dungeon.
Unknown command.
Unknown command.
Unknown command.
You open the door.
Ijyb the Twisted Goblin comes into view.
She is wielding a dagger.
There is an open door here.
You hit Ijyb. You block Ijyb's attack. Ijyb hits you but does no damage.
You closely miss Ijyb. Ijyb hits you but does no damage.
You closely miss Ijyb.
Ijyb drinks a potion.
Ijyb goes berserk!
Ijyb hits you but does no damage.
Unknown command.
You sock Ijyb! You block Ijyb's attack. x2
You closely miss Ijyb. Ijyb hits you but does no damage.
You miss Ijyb. Ijyb hits you with a dagger. Ijyb hits you but does no damage.
You take 1 damage, and have 13/14 hp.
You closely miss Ijyb. You block Ijyb's attack.
Ijyb hits you but does no damage.
You hit Ijyb. Ijyb hits you but does no damage. Ijyb hits you with a dagger.
You take 2 damage, and have 11/14 hp.
You sock Ijyb! Ijyb hits you but does no damage. x2
You closely miss Ijyb. You block Ijyb's attack. Ijyb completely misses you.
You sock Ijyb!
You kill Ijyb!
Your Fighting skill increases to level 4!
Your Maces & Flails skill gained 2 levels and is now at level 4!
Your Armour skill increases to level 4!
Your Shields skill increases to level 4!
You have reached level 2!
You have reached level 3!
Your experience leads to an increase in your attributes!
Increase (S)trength, (I)ntelligence, or (D)exterity?
You feel stronger.
You regained 9 hp, and now have 20/24 hp.
MP restored: 3
Things that are here:
a dagger; a leather armour; the goblin corpse of Ijyb You butcher the goblin corpse of Ijyb.
l - a chunk of flesh
Things that are here:
a dagger; a leather armour You open the door.
An ogre comes into view. It is wielding a giant spiked club.
The ogre shouts!
You block the ogre's attack.
There is an open door here.
You sock the ogre!
The ogre hits you with a giant spiked club!!
Ouch! That really hurt!
You die...

##########
#<.#..@O.#
#..').#..+
#..#####+#
#..# #..#
#..# #⌠⌠#
####


You could see an ogre.

Vanquished Creatures
  Ijyb (D)
1 creature vanquished.

Notes
Turn   | Place    | Note
-------+----------+-------------------------------------------
     0 | D        | theanonym the Gargoyle Fighter began the quest for the Orb.
     0 | D        | Reached XP level 1. HP: 14/14 MP: 1/1
     1 | D        | Noticed Ijyb
    13 | D        | Killed Ijyb
    13 | D        | Reached skill level 4 in Fighting
    13 | D        | Reached skill level 4 in Maces & Flails
    13 | D        | Reached skill level 4 in Armour
    13 | D        | Reached skill level 4 in Shields
    13 | D        | Reached XP level 2. HP: 16/20 MP: 2/2
    13 | D        | Reached XP level 3. HP: 19/24 MP: 3/3
    18 | D        | Noticed an ogre
    20 | D        | Slain by an ogre

Vault maps used:
D:        dungeon_sprint_1

Skill      XL: |  1 |
---------------+----+-----
Fighting       | 4 |  4.3
Maces & Flails | 4 |  4.1
Armour         | 4 |  4.3
Shields        | 4 |  4.3

Action                   || total
-------------------------++-------
Melee: Flail             ||    12
Armor: Scale mail        ||     5
Dodge: Dodged            ||     1
Block: Shield            ||     6

Table legend:
 A = Spawn XP
 B = Non-spawn XP
 C = Spawn XP percentage of total XP
 D = Spawn monster count
 E = Non-spawn monster count
 F = Spawn count percentage of total count
 G = Total turns spent on level
                    A         B        C        D         E        F      G
               +---------+---------+-------+---------+---------+-------+---------
         Total |       0 |      38 |   0.0 |       0 |       1 |   0.0 |    20
               +---------+---------+-------+---------+---------+-------+---------
             D |       0 |      38 |   0.0 |       0 |       1 |   0.0 |    20
               +---------+---------+-------+---------+---------+-------+---------
